AoeStats
← liquidcortex

Arena

509948608Analyzed
2v2 RM · 4d ago on Sep 28, 2026· 29m 29s· 4 players
Game mode
Random Map
Map size
Medium (4 player)
Population
200
Speed
Normal
Resources
Standard
Victory
Conquest
Starting age
Dark Age
Ending age
Imperial Age
RankedLock teamsTeams togetherTeam positionsShared explorationLock speedFull tech treeHidden civsTurbo modeCheats
Victory
Defeat
🇺🇸 Turks · United States
812
+16
🇺🇸 Turks · United States
806
+16
🇩🇪 Saxons · Germany
826
-17
🇩🇪 Goths · Germany
780
-18
Snowbird2610
8:11 Loom
11:30 Feudal Age
12:03 Double-Bit Axe
12:00 Horse Collar
12:13 Gold Mining
14:57 Man-at-Arms
16:56 Fletching
19:41 Castle Age
18:36 Scale Mail Armor
20:55 Long Swordsman
21:22 Arson
23:14 Bow Saw
24:17 Chain Mail Armor
27:01 Gambesons
27:22 Light Cavalry
29:02 Bloodlines
liquidcortex
12:43 Feudal Age
15:14 Horse Collar
17:19 Wheelbarrow
17:12 Man-at-Arms
23:14 Castle Age
22:24 Forging
23:16 Scale Mail Armor
24:21 Heavy Plow
tmkmbl
12:21 Feudal Age
17:33 Castle Age
15:30 Gold Mining
15:26 Double-Bit Axe
21:48 Imperial Age
21:35 Padded Archer Armor
22:40 Fletching
25:38 Leather Archer Armor
Lu
13:14 Feudal Age
15:31 Double-Bit Axe
15:38 Gold Mining
18:49 Castle Age
23:29 Imperial Age
26:10 Padded Archer Armor
27:47 Wheelbarrow
Connection lost

Rejoining the realm…

Still unreachable

The connection could not be restored.

Session expired

The server has moved on; the page needs a fresh start.